 Dungeon Crawl Stone Soup version 0.21.0-3-g78d12a8 (webtiles) character file.

60 Faca the Skirmisher (level 3, -9/33 HPs)
             Began as a Centaur Chaos Knight on Jan 9, 2018.
             Mangled by a small abomination (18 damage)
             ... summoned by the capriciousness of Xom
             ... on level 2 of the Dungeon.
             The game lasted 00:02:59 (946 turns).

Faca the Skirmisher (Centaur Chaos Knight)           Turns: 946, Time: 00:02:59

Health: -9/33      AC:  7    Str: 14    XL:     3   Next: 80%
Magic:  3/3        EV:  9    Int: 11    God:    Xom [*.....]
Gold:   97         SH:  0    Dex:  9    Spells: 2/2 levels left

rFire    . . .     SeeInvis .   a - +0 spear (chaos)
rCold    . . .     Gourm    .   (no shield)
rNeg     . . .     Faith    .   b - +3 leather armour
rPois    .         Spirit   .   (no helmet)
rElec    .         Reflect  .   (no cloak)
rCorr    .         Harm     .   (no gloves)
MR       .....     Rnd*Tele +   (no barding)
Stlth    ..........             (no amulet)
HPRegen  0.11/turn              g - +5 ring of slaying
MPRegen  0.08/turn              p - ring of teleportation (curse)

@: very quick
A: large, hooves 3, deformed body, speed 2, tough skin 3
a: Renounce Religion


You were on level 2 of the Dungeon.
You worshipped Xom.
You were a special plaything of Xom.
You were not hungry.

You visited 1 branch of the dungeon, and saw 2 of its levels.

You collected 97 gold pieces.

Inventory:

Hand Weapons
 a - a +0 spear of chaos (weapon)
Armour
 b - a +3 leather armour (worn)
Jewellery
 g - a +5 ring of slaying (left hand)
 j - an uncursed ring of protection from fire
 p - a cursed ring of teleportation (right hand)
Scrolls
 l - a scroll of teleportation
Potions
 m - a potion of resistance
 n - a potion of mutation
 o - a potion of flight
Comestibles
 c - 2 rations


   Skills:
 + Level 3.9 Fighting
 + Level 3.4 Polearms
 + Level 1.7 Armour
 + Level 0.6 Dodging


You had 2 spell levels left.
You didn't know any spells.

Dungeon Overview and Level Annotations

Branches:
Dungeon (2/15)

Altars:
Trog


Innate Abilities, Weirdness & Mutations

You have hooves in place of feet.
Armour fits poorly on your strangely shaped body.
You cover ground very quickly.
You have extremely tough skin. (AC +3)


Message History

You kill the adder!
Attack whom?
Press: ? - help, Dir - move target cursor, f - hobgoblin
Aim: a hobgoblin You reach to attack!
You closely miss the hobgoblin. You hit the hobgoblin. You burn the hobgoblin.
You kick the hobgoblin.
You kill the hobgoblin!
No target in view!
Xom's attention turns to you for a moment.
A chorus of moans calls out to you!
You are now a special plaything of Xom.
You closely miss the small abomination. The small abomination hits you!
You closely miss the small abomination. The small abomination hits you!
* * * LOW HITPOINT WARNING * * *
Xom is amused.
A shower of butterflies erupts from you!
The small abomination barely misses you.
You feel better. The small abomination hits you!!
Ouch! That really hurt!
You die...

*,****,,*,*,,,,,,
*,**,,,,,,*,,*,*,
*,**,*,,***,,,,,,
*,**,*,,,,,,,,,*,
#########*,,,,,,,,,,,,*##.
#.......#****,,,,,,,,**...
#.#####.# ***,,,,,,,,...
##.#####b#### *,,,,,,**,*,
#######.......xx@b#
*,,,,,,,,,,,
#......†.#####.##x#
*********,**
#.######.#***#.#*b# #.*
#.# #...,,..#*.# ##.## #.#
#########*.# #...# #.#
*.#******* #...# #.#
******* *..,,,,,,* #...#
#.#
*,,,,,****.#,**,*.####...#
#.#
*,,,,,,,,,,,,,,,*.......†.


You could see 3 small abominations.

Vanquished Creatures
  2 adders (D:2)
  A worm (D:2)
  A dart slug (D:2)
  3 giant cockroaches
  5 goblins
  3 hobgoblins
  3 jackals (D:1)
  3 bats (D:2)
  5 frilled lizards
  7 kobolds
  5 rats
38 creatures vanquished.

Notes
Turn   | Place    | Note
-------+----------+-------------------------------------------
     0 | D:1      | Faca the Centaur Chaos Knight began the quest for the Orb.
     0 | D:1      | Reached XP level 1. HP: 19/19 MP: 1/1
   237 | D:1      | Reached XP level 2. HP: 26/26 MP: 2/2
   515 | D:1      | XOM: mild Pois miscast
   640 | D:1      | XOM: mild Chrm miscast
   790 | D:2      | XOM: harmless Ice miscast
   791 | D:2      | XOM: potion effect (agility)
   794 | D:2      | Reached XP level 3. HP: 33/33 MP: 3/3
   868 | D:2      | Found a bloodstained altar of Trog.
   943 | D:2      | XOM: medium Summ miscast
   944 | D:2      | Noticed a small abomination
   944 | D:2      | Noticed a small abomination
   944 | D:2      | Noticed a small abomination
   945 | D:2      | XOM: butterfly on damage
   946 | D:2      | Mangled by a small abomination

Skill      XL: |  1  2 |
---------------+-------+-----
Polearms       | 3 |  3.4
Fighting       | |  3.9
Armour         | |  1.7
Dodging        | |  0.6

Action                   || total
-------------------------++-------
Melee: Spear             ||    69
       Kick              ||    11
  Use: Scroll            ||     9
       Potion            ||     1
 Stab: Petrified         ||     1
       Sleeping          ||     1
Armor: Leather armour    ||    11
Dodge: Dodged            ||    25
